 Dungeon Crawl Stone Soup version 0.23.0 (webtiles) character file.

Game seed: 4003041513447895323

1570 chequers the Reanimator (level 8, 0/67 HPs)
             Began as a Hill Orc Necromancer on Feb 19, 2019.
             Was a Follower of Beogh.
             Slain by Joseph
             ... wielding a +0 quarterstaff
              (10 damage)
             ... on level 7 of the Dungeon.
             The game lasted 00:14:48 (8946 turns).

chequers the Reanimator (Hill Orc Necromancer)      Turns: 8946, Time: 00:14:49

Health: 0/67       AC:  8    Str: 17    XL:     8   Next: 90%
Magic:  10/11      EV: 11    Int: 16    God:    Beogh [*.....]
Gold:   399        SH:  0    Dex: 11    Spells: 10/11 levels left

rFire    . . .     SeeInvis .   a - +2 halberd (freeze)
rCold    . . .     Gourm    .   (shield currently unavailable)
rNeg     . . .     Faith    .   r - +0 ring mail
rPois    .         Spirit   .   f - +0 helmet
rElec    .         Reflect  .   (no cloak)
rCorr    .         Harm     .   e - +0 pair of gloves
MR       .....                  v - +0 pair of boots {Stlth+}
Stlth    +.........             (no amulet)
HPRegen  0.21/turn              (no ring)
MPRegen  0.12/turn              (no ring)

@: mighty, flying, very slightly contaminated
A: no striking features
a: Renounce Religion


You were on level 7 of the Dungeon.
You worshipped Beogh.
Beogh was aware of your devotion.
You were hungry.

You visited 1 branch of the dungeon, and saw 7 of its levels.
You also visited: Sewer.

You collected 399 gold pieces.

Inventory:

Hand Weapons
 a - a +2 halberd of freezing (weapon)
 b - a +0 trident
Armour
 e - a +0 pair of gloves (worn)
 f - a +0 helmet (worn)
 r - a +0 ring mail (worn)
 v - a +0 pair of boots of stealth (worn)
Wands
 y - a wand of disintegration (20)
Scrolls
 d - 8 scrolls of teleportation
 l - a scroll of blinking {unknown}
 m - a scroll of amnesia
 o - 4 scrolls of enchant weapon {unknown}
 p - a scroll of immolation {unknown}
 q - a scroll of fear {unknown}
 w - a scroll of fog {unknown}
 x - a scroll of vulnerability {unknown}
Potions
 g - 2 potions of curing
 k - a potion of flight
 n - a potion of might
 s - a potion of magic {unknown}
 t - a potion of lignification {unknown}
Comestibles
 c - 10 rations


   Skills:
 - Level 4.7 Fighting
 + Level 6.3 Polearms
 - Level 1.5 Dodging
 - Level 1.5 Stealth
 - Level 2.0 Spellcasting
 + Level 8.9 Necromancy


You had 10 spell levels left.
You knew the following spells:

 Your Spells              Type           Power        Failure   Level  Hunger
a - Pain                  Necr           ####         1%          1    #......

Your spell library contained the following spells:

 Spells                   Type           Power        Failure   Level  Hunger
 Animate Skeleton         Necr           N/A          1%          1    #......
 Vampiric Draining        Necr           ####......   3%          3    ###....
 Animate Dead             Necr           N/A          10%         4    #####..
 Regeneration             Chrm/Necr      ###.......   19%         3    ###....


Dungeon Overview and Level Annotations

Branches:
Dungeon (7/15)
 Temple: D:4-7

Altars:
Nemelex Xobeh
Ru
Trog
Uskayaw

Annotations:
D:7 Joseph


Message History

Joseph hits you but does no damage.
Press: ? - help, v - describe, . - travel
Here: Joseph, wielding a +0 quarterstaff and wearing a +1 leather armour of poison resistance (moderately wounded)
The floor.
Okay, then.
It was a potion of flight.
You feel very buoyant.
You fly up into the air.
Joseph hits you with a +0 quarterstaff.
* * * LOW HITPOINT WARNING * * *
It was a potion of might.
You feel very mighty all of a sudden. Joseph hits you with a +0 quarterstaff!
* * * LOW HITPOINT WARNING * * *
You puncture Joseph! You freeze Joseph.
Joseph is moderately wounded.
Joseph closely misses you.
You hit Joseph. You freeze Joseph.
Joseph is heavily wounded.
Joseph hits you with a +0 quarterstaff!
You die...

#.#.#.#[# #...#...#
#.#.#.#.# #...#.%.##
#.#..<#!# #.....$..#
#(#####'###........#####
#..........(............
######........(.#.......
#.....(.(..........
#.........@..P...!.
#####..†...@._.....
#.......P.P....
#...........###
#).....###### #......#
#......# #..?...#
########


You could see Joseph.

Vanquished Creatures
  A water moccasin (D:6)
  Purgy (Sewer)
  An ice beast (D:6)
  2 black bears (D:7)
  3 bullfrogs
  4 howler monkeys
  A crimson imp (D:6)
  2 hounds
  A jelly (D:5)
  A centaur skeleton (D:4)
  2 orc priests (D:4)
  5 orc wizards
  2 iguanas
  A worker ant (D:4)
  A hound skeleton (D:4)
  A hound zombie (D:7)
  Robin (D:2)
  4 river rats (D:4)
  5 adders
  7 gnolls
  A shadow imp (D:3)
  2 oozes (D:2)
  An adder skeleton (D:4)
  2 worms (D:3)
  A dart slug (D:2)
  3 leopard geckos
  19 orcs
  6 giant cockroaches
  15 goblins
  10 hobgoblins
  10 jackals
  6 quokkas
  7 bats
  8 frilled lizards
  8 kobolds
  A quokka skeleton (D:4)
  7 rats
153 creatures vanquished.

Notes
Turn   | Place    | Note
-------+----------+-------------------------------------------
     0 | D:1      | chequers the Hill Orc Necromancer began the quest for the
                  | Orb.
     0 | D:1      | Reached XP level 1. HP: 14/14 MP: 3/3
   256 | D:1      | Reached XP level 2. HP: 9/20 MP: 0/4
   289 | D:1      | HP: 1/20 [kobold/stone (2)]
   822 | D:2      | Noticed Robin
   946 | D:2      | Reached XP level 3. HP: 9/26 MP: 0/5
  1095 | D:1      | Reached skill level 5 in Necromancy
  2020 | D:2      | Reached XP level 4. HP: 25/33 MP: 2/6
  2808 | D:2      | Found a hide-covered altar of Uskayaw.
  3192 | D:2      | Killed Robin
  3768 | D:3      | Found a sparkling altar of Nemelex Xobeh.
  3813 | D:3      | Reached XP level 5. HP: 36/38 MP: 4/8
  3853 | D:3      | Reached skill level 6 in Necromancy
  4597 | D:4      | Reached skill level 1 in Fighting
  4660 | D:4      | Found a glowing drain.
  4662 | D:4      | Reached skill level 1 in Polearms
  4781 | Sewer    | Entered a sewer
  4804 | Sewer    | Noticed Purgy
  4812 | Sewer    | Gained mutation: You evolve. [potion of mutation]
  4812 | Sewer    | Gained mutation: You are agile. (Dex +2) [potion of
                  | mutation]
  4816 | Sewer    | Killed Purgy
  4816 | Sewer    | Reached XP level 6. HP: 15/48 MP: 3/9
  5551 | D:4      | Became a worshipper of Beogh the Brigand
  5557 | D:4      | Reached XP level 7. HP: 37/57 MP: 1/10
  5742 | D:4      | Reached skill level 7 in Necromancy
  6344 | D:5      | Entered Level 5 of the Dungeon
  6459 | D:5      | Found a sacrificial altar of Ru.
  6691 | D:5      | Lost mutation: You are agile. (Dex +2) [evolution]
  6691 | D:5      | Lost mutation: You evolve. [end of evolution]
  6908 | D:5      | Reached * piety under Beogh
  7355 | D:5      | Reached XP level 8. HP: 67/67 MP: 11/11
  7777 | D:6      | Reached skill level 5 in Polearms
  7777 | D:6      | Reached skill level 8 in Necromancy
  8812 | D:7      | Noticed Joseph
  8818 | D:7      | Found a bloodstained altar of Trog.
  8946 | D:7      | Slain by Joseph

Skill      XL: |  1  2  3  4  5  6  7  8 |
---------------+-------------------------+-----
Necromancy     | 5 6 7 8 |  8.9
Spellcasting   | 2 |  2.0
Fighting       | 2 3 4 |  4.7
Polearms       | 2 3 6 |  6.3
Dodging        | |  1.5
Stealth        | |  1.5

Action                   |  1- 3 |  4- 6 |  7- 9 || total
-------------------------+-------+-------+-------++-------
Melee: Spear             |    15 |   104 |     4 ||   123
       Dagger            |     1 |       |       ||     1
       Halberd           |       |       |   161 ||   161
 Cast: Pain              |    59 |   105 |    32 ||   196
Invok: Convert to Beogh  |       |     1 |       ||     1
  Use: Scroll            |       |     4 |     3 ||     7
       Potion            |       |     3 |     3 ||     6
 Stab: Sleeping          |     1 |     3 |     2 ||     6
       Invisible         |       |       |     1 ||     1
  Eat: Chunk             |     5 |    13 |     7 ||    25
       Ration            |       |       |     1 ||     1
Armor: Robe              |    13 |     6 |       ||    19
       Ring mail         |       |    41 |    82 ||   123
Dodge: Dodged            |    29 |    65 |    95 ||   189
